 Dungeon Sprint DCSS version bcrawl-1.31.3 (webtiles) character file.

Game seed: 16568181139119267623

441584 Groucho the Unseen (level 8, -3/76 HPs)
             Began as a Felid Berserker on Apr 19, 2021.
             Was a High Priest of Trog.
             Slain by a vampire knight
             ... wielding a +0 great sword
              (31 damage)
             ... in the Dungeon (Sprint VII: "The Pits").
             The game lasted 00:04:46 (1388 turns).

Groucho the Unseen (Felid Berserker)                Turns: 1388, Time: 00:04:46

Health: -3/76      AC:  2    Str: 22    XL:     8   Next: 68%
Magic:  9/9        EV: 32    Int:  9    God:    Trog [*****.]
Gold:   0          SH:  0    Dex: 17    Spells: 7/7 levels left
                                        Lives:  0   Deaths: 2

rFire    . . .     SeeInvis +     - Teeth and claws (27.9)
rCold    . . .     Gourm    .   (shield unavailable)
rNeg     . . .     Faith    .   (armour unavailable)
rPois    .         Spirit   .   (helmet unavailable)
rElec    .         Reflect  .   (cloak restricted)
rCorr    .         Harm     .   (gloves unavailable)
MR       +++..     NoTele   +   (boots unavailable)
Stlth    ..........             (no amulet)
HPRegen  1.22/turn              m - +3 ring of evasion
MPRegen  0.11/turn              n - +3 ring of strength

@: mighty, berserking, regenerating, very quick
A: very small, no armour, no weapons or thrown items, stealth, claws 1, fangs 3,
see invisible, carnivore, speed 1, shaggy fur 2, slow metabolism 1, sharp paws
a: Berserk, Trog's Hand, Brothers in Arms, Renounce Religion


You were in the Dungeon.
You worshipped Trog.
Trog was extremely pleased with you.
You were not hungry.

You visited 1 branch

Inventory:

Jewellery
 m - a +3 ring of evasion (left paw)
 n - a +3 ring of strength (right paw)
Scrolls
 g - a scroll of blinking
 i - 2 scrolls of vulnerability
 j - 3 scrolls of remove curse
 k - a scroll of summoning
Potions
 a - 4 potions of magic
 b - 7 potions of curing
 c - 9 potions of heal wounds
 d - a potion of haste
 f - 4 potions of berserk rage
 h - 2 potions of invisibility
 o - a potion of agility
 q - 2 potions of brilliance
Comestibles
 e - 9 rations {!d}


   Skills:
 + Level 10.9 Fighting
 + Level 13.7 Dodging
 + Level 18.1 Stealth
 + Level 12.7 Unarmed Combat


You had 7 spell levels left.
You didn't know any spells.
Your spell library was empty.

Dungeon Overview and Level Annotations

Branches:
Dungeon (1/1)

Altars:
Ashenzari
Cheibriados
Dithmenos
Elyvilon
Fedhas
Gozag
Hepliaklqana
Kikubaaqudgha
Lugonu
Makhleb
Nemelex Xobeh
Okawaru
Qazlal
Ru
Sif Muna
Trog
Uskayaw
Vehumet
Wu Jian
Xom
Yredelemnul
Zin
The Shining One
Beogh
Jiyva


Innate Abilities, Weirdness & Mutations

You cannot wear almost all types of armour.
You are incapable of wielding weapons or throwing items.
Your paws allow you to move quietly. (Stealth)
You have sharp claws.
You have razor-sharp teeth.
You have supernaturally acute eyesight. (SInv)
You are carnivorous and can eat meat at any time.
You cover ground quickly.
You are covered in thick fur. (AC +2)
You have a slow metabolism.
Your sharp claws are effective at attacking unaware monsters.


Message History

No path to travel!
You feel very mighty all of a sudden.
Okay, then.
Your skin crawls.
You feel resistant to hostile enchantments.
You feel somewhat more hungry.
You claw the vampire knight!
The vampire knight is severely damaged.
The vampire knight is infused with unholy energy.
The vampire knight draws life force from you and is healed!
You scratch the vampire knight but do no damage.
You bite the vampire knight!
The vampire knight is heavily damaged.
The vampire knight closely misses you. The vampire knight bites you!
The vampire knight draws strength from your injuries!
A red film seems to cover your vision as you go berserk!
You feel yourself moving faster!
You feel mighty!
You feel quite a bit more hungry.
The vampire knight hits you with a +0 great sword!!
You die...

.##................+
..'................+
###......#..#......#
.##......†.........#
.#####'#####''#####
.##.......##)'########
.##.......##......+..+
.##.......##......+..+
###...<...##...V@##..##
.##.......##...###....###
.##.......##.†##........## #
###.......##''#...#..#...#.k.s
)###########...........V.'M...
############''#...#..#...#...k
#....#..[[##).##........## #
#....#..[[##)).###....###
'....'..))##.....##..##


You could see a vampire knight.

Vanquished Creatures
  An eidolon (D)
  A flayed ghost (D)
  A black mamba (D)
  An orange demon (D)
  A troll (D)
  A flying skull (D)
  A wolf (D)
  A centaur (D)
  A big kobold (D)
  A gnoll shaman (D)
  A hell rat (D)
  A worker ant (D)
  A mummy (D)
  2 gnolls (D)
  3 adders (D)
  2 ufetubi (D)
  2 giant cockroaches (D)
  A goblin (D)
  2 quokkas (D)
  A ball python (D)
  A jackal zombie (D)
27 creatures vanquished.

Vanquished Creatures (collateral kills)
  A naga warrior (D)
  A naga ritualist (D)
  A deep elf mage (D)
  A tyrant leech (D)
  A hornet (D)
  A wraith (D)
  3 vampire mosquitoes (D)
  3 nagas (D)
  A hell rat (D)
  A giant cockroach (D)
14 creatures vanquished.

Grand Total: 41 creatures vanquished

Notes
Turn   | Place    | Note
-------+----------+-------------------------------------------
     0 | D        | Groucho the Felid Berserker began the quest for the Orb.
     0 | D        | Reached XP level 1. HP: 12/12 MP: 2/2
     9 | D        | Reached skill level 4 in Stealth
    40 | D        | Found a bloodstained altar of Trog.
    40 | D        | Found a shimmering blue altar of Sif Muna.
    40 | D        | Found a viscous altar of Jiyva.
    40 | D        | Found a hazy altar of Hepliaklqana.
    40 | D        | Found an opulent altar of Gozag.
    41 | D        | Found a glowing golden altar of the Shining One.
    41 | D        | Found a glowing silver altar of Zin.
    41 | D        | Found a basalt altar of Yredelemnul.
    41 | D        | Found a shimmering altar of Xom.
    41 | D        | Found an ornate altar of the Wu Jian Council.
    41 | D        | Found a sacrificial altar of Ru.
    41 | D        | Found a stormy altar of Qazlal.
    41 | D        | Found an iron altar of Okawaru.
    41 | D        | Found a sparkling altar of Nemelex Xobeh.
    41 | D        | Found a burning altar of Makhleb.
    41 | D        | Found a blossoming altar of Fedhas.
    41 | D        | Found a white marble altar of Elyvilon.
    41 | D        | Found a shadowy altar of Dithmenos.
    41 | D        | Found a snail-covered altar of Cheibriados.
    43 | D        | Found a corrupted altar of Lugonu.
    43 | D        | Found a radiant altar of Vehumet.
    43 | D        | Found a roughly hewn altar of Beogh.
    44 | D        | Found an ancient bone altar of Kikubaaqudgha.
    44 | D        | Found a hide-covered altar of Uskayaw.
    44 | D        | Found a shattered altar of Ashenzari.
    63 | D        | Reached skill level 5 in Stealth
    63 | D        | Reached XP level 2. HP: 16/16 MP: 3/3
    66 | D        | Reached skill level 6 in Stealth
    72 | D        | Reached ** piety under Trog
   367 | D        | Reached skill level 7 in Stealth
   370 | D        | Reached *** piety under Trog
   454 | D        | Noticed a centaur
   455 | D        | Reached skill level 10 in Stealth
   455 | D        | Reached XP level 3. HP: 18/20 MP: 4/4
   455 | D        | Reached XP level 4. HP: 22/24 MP: 5/5
   456 | D        | Noticed a big kobold
   457 | D        | Reached skill level 12 in Stealth
   459 | D        | Killed a centaur
   481 | D        | Killed a big kobold
   481 | D        | Reached **** piety under Trog
   486 | D        | HP: 1/36 [mummy (16)]
   657 | D        | Noticed a flying skull
   658 | D        | Reached skill level 5 in Dodging
   658 | D        | Reached skill level 13 in Stealth
   658 | D        | Reached skill level 5 in Unarmed Combat
   658 | D        | Reached XP level 5. HP: 30/30 MP: 6/6
   659 | D        | Killed a flying skull
   662 | D        | Noticed a wolf
   663 | D        | Gained mutation: You are covered in thick fur. (AC +2)
                  | [Felid growth]
   663 | D        | Reached XP level 6. HP: 35/35 MP: 7/7
   663 | D        | Reached ***** piety under Trog
   666 | D        | Noticed a black mamba
   667 | D        | Reached skill level 14 in Stealth
   668 | D        | Killed a black mamba
   694 | D        | Noticed a hornet
   694 | D        | Noticed a vampire mosquito
   694 | D        | Noticed a vampire mosquito
   694 | D        | Noticed a vampire mosquito
   695 | D        | Reached skill level 15 in Stealth
   695 | D        | Reached XP level 7. HP: 42/42 MP: 8/8
   701 | D        | Killed a vampire mosquito
   701 | D        | Killed a hornet
   705 | D        | Killed a vampire mosquito
   709 | D        | Killed a vampire mosquito
   805 | D        | Noticed a troll
   805 | D        | Noticed an orange demon
   806 | D        | Reached skill level 10 in Dodging
   806 | D        | Reached XP level 8. HP: 47/47 MP: 9/9
   811 | D        | Killed an orange demon
   811 | D        | Reached ****** piety under Trog
   812 | D        | Killed a troll
   821 | D        | Noticed a wraith
   822 | D        | Noticed a deep elf mage
   822 | D        | Noticed a tyrant leech
   823 | D        | Reached skill level 16 in Stealth
   823 | D        | Reached skill level 10 in Unarmed Combat
   847 | D        | HP: 1/49 [deep elf mage/orb of energy (35)]
   849 | D        | Killed from afar by a deep elf mage
   850 | D        | Reached XP level 7. HP: -5/44 MP: 8/8
   854 | D        | Killed a deep elf mage
   857 | D        | Killed a wraith
   864 | D        | Noticed an eidolon
   864 | D        | Noticed a naga warrior
   864 | D        | Noticed a naga
   864 | D        | Noticed a naga
   864 | D        | Noticed a naga
   865 | D        | Reached skill level 17 in Stealth
   865 | D        | Reached XP level 8. HP: 50/50 MP: 9/9
   865 | D        | Noticed a naga ritualist
   866 | D        | Reached skill level 10 in Fighting
   866 | D        | Reached XP level 9. HP: 54/54 MP: 10/10
   873 | D        | Killed a naga warrior
   876 | D        | Killed an eidolon
   878 | D        | Killed a naga ritualist
   882 | D        | Killed a tyrant leech
  1200 | D        | Noticed a flayed ghost
  1216 | D        | Killed a flayed ghost
  1318 | D        | Noticed a vampire knight
  1318 | D        | Noticed a demonic crawler
  1319 | D        | Reached skill level 18 in Stealth
  1383 | D        | Mangled by a vampire knight
  1384 | D        | Reached XP level 8. HP: -8/51 MP: 9/9
  1388 | D        | Slain by a vampire knight

Skill      XL: |  1  2  3  4  5  6  7  8  9 |
---------------+----------------------------+-----
Stealth        | 5 10 13 15 17 16 18 | 18.1
Fighting       | 4 7 9 10 | 10.9
Dodging        | 5 6 9 12 11 13 | 13.7
Unarmed Combat | 5 8 11 10 12 | 12.7

Action                   |  1- 3 |  4- 6 |  7- 9 || total
-------------------------+-------+-------+-------++-------
Melee: Unarmed           |    28 |    26 |    52 ||   106
       Bite              |     1 |     2 |     8 ||    11
       Punch             |       |     1 |     6 ||     7
Invok: Berserk           |       |     1 |     1 ||     2
       Trog's Hand       |       |     1 |     1 ||     2
       Brothers in Arms  |       |       |     6 ||     6
  Use: Potion            |     1 |       |     2 ||     3
 Stab: Sleeping          |     3 |     8 |     3 ||    14
       Distracted        |       |     1 |     1 ||     2
  Eat: Chunk             |       |     9 |     6 ||    15
Armor: Skin              |     3 |       |       ||     3
Dodge: Dodged            |    33 |     8 |    44 ||    85
